 Dungeon Crawl Stone Soup version 0.29.1-2-gbd0b4ee654 (webtiles) character file.

Game seed: 13787809816459416458

300 qeuew the Covered (level 6, -8/39 HPs)
             Began as a Gargoyle Fighter on Nov 13, 2022.
             Mangled by a gnoll
             ... wielding a +0 flail
             ... led by a gnoll bouda
              (9 damage)
             ... on level 4 of the Dungeon on Nov 14, 2022.
             The game lasted 00:05:25 (3255 turns).

qeuew the Covered (Gargoyle Fighter)                Turns: 3255, Time: 00:05:26

Health: -8/39      AC: 12    Str: 20    XL:     6   Next: 36%
Magic:  6/6        EV:  9    Int:  8    God:
Gold:   227        SH:  9    Dex: 11    Spells: 5/5 levels left

rFire   . . .      SeeInvis .   a - +1 flail
rCold   + . .      Faith    .   c - +0 buckler
rNeg    + + .      Spirit   .   b - +0 scale mail
rPois   ∞          Reflect  .   (no helmet)
rElec   +          Harm     +   f - scarf {harm}
rCorr   .          Rampage  .   (no gloves)
Will    .....                   n - +0 pair of boots
Stlth   ..........              (no amulet)
HPRegen 0.13/turn               h - ring of protection from cold
MPRegen 0.10/turn               l - ring of positive energy

@: weakened
A: sickness immunity, AC +4, negative energy resistance 1, electricity
resistance, torment resistance 1, petrification resistance, large bone plates 1,
deterioration 1
a: no special abilities


You were on level 4 of the Dungeon.
You visited 1 branch of the dungeon, and saw 4 of its levels.

You collected 227 gold pieces.

Inventory:

Hand Weapons
 a - a +1 flail (weapon)
Armour
 b - a +0 scale mail (worn)
 c - a +0 buckler (worn)
 f - a scarf of harm (worn)
 n - a +0 pair of boots (worn)
Jewellery
 h - a ring of protection from cold (left hand)
 l - a ring of positive energy (right hand)
 o - a ring of see invisible
Scrolls
 j - 2 scrolls of amnesia
 m - a scroll of fear
Potions
 d - 2 potions of might
 e - 3 potions of curing
 g - a potion of heal wounds {unknown}
 p - a potion of brilliance


   Skills:
 + Level 4.7 Fighting
 + Level 3.6 Maces & Flails
 + Level 4.7 Armour
 + Level 4.7 Shields


You had 5 spell levels left.
You didn't know any spells.
Your spell library contained the following spells:

 Spells                   Type           Power      Damage    Failure   Level
 Sandblast                Erth           0%         2d4       83%         1
 Passwall                 Tmut/Erth      0%         N/A       93%         2
 Static Discharge         Conj/Air       0%         3-3/arc   93%         2
 Ozocubu's Armour         Ice            0%         N/A       99%         3
 Stone Arrow              Conj/Erth      0%         3d7       99%         3
 Dispel Undead            Necr           0%         3d6       100%        4
 Sticky Flame             Conj/Fire      0%         2d3       100%        4
 Metabolic Englaciation   Hex/Ice        0%         N/A       100%        5
 Simulacrum               Ice/Necr       0%         N/A       100%        6


Dungeon Overview and Level Annotations

Branches:
Dungeon (4/15)
 Temple: D:4-7

Altars:
Vehumet

Shops:
D:2 [:

Annotations:
D:2 1 runed translucent door, Crazy Yiuf


Innate Abilities, Weirdness & Mutations

You are immune to sickness and miasma.
Your stone body is resilient. (AC +4)
You are immune to poison.
You resist negative energy. (rN+)
You are resistant to electric shocks. (rElec)
You are resistant to unholy torment.
You are immune to petrification.
You are partially covered in large bone plates. (SH +4)
Your body sometimes deteriorates upon taking damage.


Message History

The gnoll hits you from afar with a +0 spear.
The kobold hits you but does no damage. The gnoll completely misses you.
You block the hound's attack. The kobold hits you with a +0 whip.
The gnoll bouda barely misses you. The gnoll hits you but does no damage.
You are too injured to fight recklessly!
You hit the hound.
The hound is moderately wounded.
The hound bites you but does no damage. The gnoll hits you but does no damage.
The hound closely misses you. You block the gnoll bouda's attack.
The kobold barely misses you. The gnoll hits you but does no damage.
You hit the hound.
The hound is heavily wounded.
The gnoll is no longer moving quickly.
You block the hound's attack. The gnoll hits you with a +0 flail.
The kobold hits you but does no damage.
The gnoll bouda barks out a call to the hunt!
The gnoll picks up the pace!
You block the gnoll's attack. The hound bites you.
* * * LOW HITPOINT WARNING * * *
The gnoll closely misses you.
You sock the hound!
You kill the hound!
The gnoll is no longer moving quickly.
The gnoll bouda hits you with a +0 club.
* * * LOW HITPOINT WARNING * * *
The kobold hits you but does no damage. You block the gnoll's attack. x2
The kobold attacks as you move away! The kobold barely misses you.
The kobold attacks as you move away! The kobold barely misses you.
The gnoll bouda gazes fiercely through you!
You feel your attacks grow feeble.
You sock the kobold!
You kill the kobold!
You block the gnoll's attack.
The gnoll bouda barks out a call to the hunt!
The gnoll picks up the pace!
The gnoll hits you but does no damage.
You see here a +0 whip.
You thump the gnoll!
The gnoll is severely wounded.
The gnoll hits you with a +0 flail!
You die...

#..##...#.................
#..##.>.####'###..........
...............#..).....#
...............#........#
............)..#........#
...............#.)......#
'####..........#.g......#
...#############.g......#
...# ........@g......#
...# ................#
...# ................#
...# ................#
...# ................'
#### ................#
.#######........ #........
.........


You could see a gnoll bouda and 2 gnolls.

Vanquished Creatures
  An ogre (D:4)
  A necrophage (D:3)
  A hound (D:4)
  An iguana (D:4)
  A gnoll (D:4)
  3 adders
  A worm (D:2)
  A dart slug (D:1)
  5 orcs
  4 endoplasms
  2 giant cockroaches (D:1)
  5 goblins
  8 hobgoblins
  5 kobolds
  5 ball pythons
  3 bats
  A frilled lizard (D:2)
  8 rats
56 creatures vanquished.

Vanquished Creatures (others)
  A plant (D:1)
1 creature vanquished.

Grand Total: 57 creatures vanquished

Notes
Turn   | Place    | Note
-------+----------+-------------------------------------------
     0 | D:1      | qeuew the Gargoyle Fighter began the quest for the Orb.
     0 | D:1      | Reached XP level 1. HP: 14/14 MP: 1/1
   188 | D:1      | Reached XP level 2. HP: 19/19 MP: 2/2
  1078 | D:1      | Reached XP level 3. HP: 23/23 MP: 3/3
  1209 | D:1      | Gained mutation: You are weak. (Str -2) [potion of
                  | mutation]
  1209 | D:1      | Gained mutation: You have hidden genetic potential. [potion
                  | of mutation]
  1317 | D:2      | Found Humis's Book Boutique.
  1534 | D:2      | Found Goirriesi's Antique Armour Emporium.
  1862 | D:2      | Found a runed translucent door.
  1863 | D:2      | Noticed Crazy Yiuf
  1903 | D:2      | Reached XP level 4. HP: 29/29 MP: 4/4
  2035 | D:3      | Lost mutation: You are weak. (Str -2) [hidden potential]
  2061 | D:3      | Noticed a necrophage
  2071 | D:3      | Killed a necrophage
  2072 | D:3      | Reached XP level 5. HP: 27/33 MP: 5/5
  2076 | D:3      | Gained mutation: You expend magic power (3 MP) to
                  | strengthen your wands. [hidden potential]
  2076 | D:3      | Lost mutation: You have hidden genetic potential. [hidden
                  | potential expressed]
  2136 | D:3      | Lost mutation: You expend magic power (3 MP) to strengthen
                  | your wands. [potion of mutation]
  2136 | D:3      | Gained mutation: You are frail. (-10% HP) [potion of
                  | mutation]
  2136 | D:3      | Gained mutation: You are agile. (Dex +4, Str/Int -1)
                  | [potion of mutation]
  2387 | D:3      | Found a radiant altar of Vehumet.
  2564 | D:3      | Lost mutation: You are agile. (Dex +4, Str/Int -1) [potion
                  | of mutation]
  2564 | D:3      | Lost mutation: You are frail. (-10% HP) [potion of
                  | mutation]
  2564 | D:3      | Gained mutation: Your body sometimes deteriorates upon
                  | taking damage. [potion of mutation]
  2564 | D:3      | Gained mutation: You are partially covered in large bone
                  | plates. (SH +4) [potion of mutation]
  3190 | D:4      | Noticed an ogre
  3197 | D:4      | Killed an ogre
  3198 | D:4      | Reached XP level 6. HP: 35/39 MP: 6/6
  3249 | D:4      | HP: 1/39 [gnoll bouda/+0 club (7)]
  3255 | D:4      | Mangled by a gnoll

Illustrated notes

Levels and vault maps discovered:
D:1:      dpeg_arrival_prison, layout_basic, serial_bayou, serial_bayou_lake_a,
          serial_bayou_crossing, serial_bayou_shore_a, serial_bayou_pond_e
D:2:      wander_river, layout_loops_cross, serial_shops,
          nicolae_shop_statue_plus, shop, dreamdust_wishing_well,
          feat_on_display, uniq_crazy_yiuf_cottage
D:3:      layout_rooms, mainiacjoe_overflow_24_doors, fountainhead
D:4:      layout_gridville, nicolae_dithmenos_shadow_blocks, serial_shops,
          kennysheep_little_box

Skill      XL: |  1  2  3  4 |
---------------+-------------+-----
Fighting       | 4 |  4.7
Maces & Flails | 3 |  3.6
Armour         | 4 |  4.7
Shields        | 4 |  4.7

Action                   |  1- 3 |  4- 6 || total
-------------------------+-------+-------++-------
Melee: Flail             |   123 |    75 ||   198
Throw: Throwing net      |       |     1 ||     1
  Use: Scroll            |     7 |     5 ||    12
       Potion            |     2 |     2 ||     4
Armor: Scale mail        |    71 |    60 ||   131
Dodge: Dodged            |    46 |    52 ||    98
Block: Buckler           |    32 |    49 ||    81
